 Dungeon Crawl Stone Soup version 0.27-a0-906-g0a00ce863d (webtiles) character file.

Game seed: 18444076859777379361

10357 wakim the Martial Artist (level 11, -1/92 HPs)
             Began as an Octopode Transmuter on Apr 7, 2021.
             Was a Priest of Dithmenos.
             Slain by a komodo dragon (23 damage)
             ... on level 1 of the Lair of Beasts.
             The game lasted 00:40:24 (17070 turns).

wakim the Martial Artist (Octopode Transmuter)     Turns: 17070, Time: 00:40:25

Health: -1/92      AC:  7    Str: 21    XL:     11   Next: 60%
Magic:  15/18      EV: 13    Int: 19    God:    Dithmenos [***...]
Gold:   464        SH:  0    Dex: 19    Spells: 11/20 levels left

rFire    . . .     SeeInvis .     - Unarmed
rCold    . . .     Faith    .   (shield currently unavailable)
rNeg     . . .     Spirit   .   (helmet currently unavailable)
rPois    +         Reflect  .   (no amulet)
rElec    .         Harm     .   g - +6 ring of strength
rCorr    .         Rampage  .   f - +6 ring of dexterity
Will     .....                  j - +6 ring of strength
Stlth    ++++......             (no ring)
HPRegen  0.25/turn              (no ring)
MPRegen  0.16/turn              (no ring)
                                (no ring)
                                (no ring)

@: hydra-form, wreathed by umbra
A: fast swimmer, devour, boosted hp, almost no armour, amphibious, 8 rings, very
large, (camouflage 1), (gelatinous body 1), (nimble swimmer 1), (tentacles)
a: End Transformation, Renounce Religion, Shadow Step


You were on level 1 of the Lair of Beasts.
You worshipped Dithmenos.
Dithmenos was most pleased with you.
You were a three-headed hydra.
You visited 3 branches of the dungeon, and saw 12 of its levels.

You collected 626 gold pieces.
You spent 162 gold pieces at shops.

Inventory:

Missiles
 a - 7 curare-tipped darts (quivered)
 b - 145 poisoned darts
Armour
 l - a +1 kite shield
Jewellery
 f - a +6 ring of dexterity (right foreclaw)
 g - a +6 ring of strength (left foreclaw)
 j - a +6 ring of strength (on tentacle)
Wands
 t - a wand of digging (6)
 v - a wand of flame (29)
 w - a wand of acid (8)
 x - a wand of iceblast (9)
 y - a wand of paralysis (3)
 z - a wand of polymorph (9)
Scrolls
 d - a scroll of enchant armour
 i - a scroll of enchant weapon {unknown}
 R - 2 scrolls of magic mapping
 T - a scroll of teleportation
 U - 2 scrolls of fear
Potions
 c - a potion of invisibility {unknown}
 e - a potion of brilliance {unknown}
 h - a potion of resistance {unknown}
 B - a potion of attraction
 C - a potion of berserk rage
 E - a potion of cancellation
 F - a potion of curing
 G - 2 potions of flight
 H - a potion of haste
 J - 2 potions of heal wounds
 K - a potion of magic
 L - 3 potions of lignification
 N - a potion of might


   Skills:
 + Level 5.1 Fighting
 + Level 9.0 Dodging
 - Level 4.0 Stealth
 * Level 10.8 Unarmed Combat
 - Level 5.0 Spellcasting
 - Level 8.0 Transmutations
 - Level 3.0 Poison Magic
 - Level 3.0 Invocations
 * Level 1.5 Evocations


You had 11 spell levels left.
You knew the following spells:

 Your Spells              Type           Power      Damage    Failure   Level
a - Beastly Appendage     Tmut           70%        N/A       1%          1
b - Hydra Form            Tmut           17%        N/A       13%         5
x - Spider Form           Tmut/Pois      12%        N/A       3%          3

Your spell library contained the following spells:

 Spells                   Type           Power      Damage    Failure   Level
 Wereblood                Tmut           35%        N/A       1%          2
 Animate Skeleton         Necr           8%         N/A       12%         1
 Apportation              Tloc           8%         N/A       12%         1
 Corona                   Hex            4%         N/A       12%         1
 Magic Dart               Conj           16%        1d3       12%         1
 Summon Small Mammal      Summ           16%        N/A       12%         1
 Searing Ray              Conj           8%         3d3       19%         2
 Ice Form                 Ice/Tmut       19%        N/A       24%         4
 Petrify                  Tmut/Erth      19%        N/A       24%         4
 Confusing Touch          Hex            4%         N/A       36%         3
 Dazzling Flash           Conj/Hex       8%         N/A       36%         3
 Gell's Gravitas          Tloc           2%         N/A       36%         3
 Yara's Violent Unravell  Hex/Tmut       9%         3d6       54%         5
 Fulminant Prism          Conj/Hex       2%         3d6       77%         4
 Iskenderun's Mystic Bla  Conj/Tloc      4%         2d3       77%         4
 Metabolic Englaciation   Hex/Ice        2%         N/A       98%         5


Dungeon Overview and Level Annotations

Branches:
Dungeon (10/15)            Temple (1/1) D:5            Lair (1/6) D:9
    Orc: D:9-12

Altars:
Ashenzari
Cheibriados
Dithmenos
Elyvilon
Fedhas
Gozag
Hepliaklqana
Kikubaaqudgha
Makhleb
Nemelex Xobeh
Okawaru
Qazlal
Ru
Sif Muna
Trog
Uskayaw
Vehumet
Wu Jian
Xom
Yredelemnul
Zin
The Shining One
Jiyva
Lugonu

Shops:
D:5 *

Annotations:
D:7 3 runed translucent doors, nago's ghost, journeyman DjEE
D:9 3 runed translucent doors, Ge0ff's ghost, novice TeAr
D:10 Erolcha; Urug


Innate Abilities, Weirdness & Mutations

You are a three-headed hydra.
You swim very quickly.
You can devour living enemies to heal.
Your maximum health is greatly increased.
Your armour is entirely melded.
You are incapable of wielding weapons or throwing items.
You cannot wear most types of armour.
You are amphibious.
You can wear up to eight rings at the same time.
((Your skin changes colour to match your surroundings (Stealth+).))
((Your rubbery body absorbs attacks. (AC +1, EV +1)))
((You are camouflaged near water. (Stealth+)))
((You have tentacles for arms and can constrict up to eight enemies at once.))


Message History

Found a chain mail.
You now have 464 gold pieces (gained 6).
Found 17 sling bullets.
b - 145 poisoned darts (gained 18)
Your transformation is almost over.
Found a leather armour.
A komodo dragon and a yak come into view.
The komodo dragon moves out of view.
A komodo dragon comes into view.
The komodo dragon hisses angrily.
The yak bellows!
A yak comes into view. x2
You hear a bellow!
The komodo dragon hisses angrily.
A yak comes into view.
Your transformation has ended.
Casting: Hydra Form (dangerous; 13% risk of failure)
Confirm with . or Enter, or press ? or * to list all spells.
You turn into a three-headed hydra.
You gouge the yak!!
The yak is severely wounded.
The yak closely misses you.
You bite the yak!
The yak is almost dead.
You bite the komodo dragon!
The komodo dragon is lightly wounded.
You gouge the yak!!
You devour the yak!
You feel better.
You kill the yak!
Dithmenos accepts your kill.
A yak comes into view.
The komodo dragon bites you!!
The yak bellows! x2
You gouge the komodo dragon!!
The komodo dragon is severely wounded.
You nip at the komodo dragon.
The komodo dragon bites you!!
* * * LOW HITPOINT WARNING * * *
The komodo dragon bites you!
* * * LOW HITPOINT WARNING * * *
There is a staircase back to the Dungeon here.
The komodo dragon bites you!!
You die...

##..(....#
##........#
##.Y.......#
##........###
##.......###
###.......P#
#...Y....###
##...ll..##
##....D..##
##.....####
..##......##
.........#.#
.........###
#P.......#
........##
......###
......


You could see 2 komodo dragons and 2 yaks.

Vanquished Creatures
  Harold (D:10)
  A centaur warrior (D:9)
  An unseen horror (D:10)
  A rime drake (Lair:1)
  2 komodo dragons
  A troll (D:9)
  A hornet (D:7)
  25 yaks
  A black bear (D:6)
  6 orc warriors
  2 ice beasts
  2 necrophages (D:6)
  5 centaurs
  A phantom (D:5)
  5 kobold brigands
  5 bullfrogs
  2 gnoll sergeants (D:7)
  2 scorpions
  A water moccasin zombie (D:6)
  A wyvern skeleton (D:6)
  A wight (D:7)
  5 killer bees (D:7)
  4 centaur zombies
  7 hounds
  5 jellies
  2 centaur skeletons
  A gnoll shaman (D:7)
  6 orc priests
  2 iguanas
  9 orc wizards
  9 adders
  5 gnolls
  2 white imps (D:7)
  An adder skeleton (D:4)
  2 worms
  A dart slug (D:5)
  36 orcs
  8 bats
  8 endoplasms
  3 giant cockroaches
  4 goblins
  8 hobgoblins
  3 quokkas
  5 ball pythons
  2 frilled lizards
  24 kobolds
  4 rats
233 creatures vanquished.

Vanquished Creatures (others)
  22 fungi (D:9)
  21 plants
43 creatures vanquished.

Grand Total: 276 creatures vanquished

Notes
Turn   | Place    | Note
-------+----------+-------------------------------------------
     0 | D:1      | wakim the Octopode Transmuter began the quest for the Orb.
     0 | D:1      | Reached XP level 1. HP: 13/13 MP: 3/3
   165 | D:1      | Reached skill level 1 in Stealth
   322 | D:1      | Reached XP level 2. HP: 18/18 MP: 3/5
  1122 | D:2      | Reached XP level 3. HP: 16/23 MP: 4/6
  1541 | D:2      | Learned a level 3 spell: Spider Form
  1770 | D:2      | Reached XP level 4. HP: 21/28 MP: 7/7
  2499 | D:3      | Reached skill level 4 in Unarmed Combat
  2889 | D:3      | Reached XP level 5. HP: 33/33 MP: 6/8
  3465 | D:3      | Reached skill level 1 in Poison Magic
  4154 | D:4      | Found an iron altar of Okawaru.
  4193 | D:4      | Found a broken altar of Ashenzari.
  4447 | D:4      | Reached XP level 6. HP: 28/38 MP: 6/9
  4778 | D:4      | Found a basalt altar of Yredelemnul.
  4896 | D:4      | Found a blossoming altar of Fedhas.
  5632 | D:5      | Entered Level 5 of the Dungeon
  5650 | D:5      | Reached skill level 5 in Unarmed Combat
  5823 | D:5      | Found Myewn's Assorted Antiques.
  5950 | D:5      | Found a white marble altar of Elyvilon.
  6053 | D:5      | Reached XP level 7. HP: 43/43 MP: 6/10
  6453 | D:5      | Found a staircase to the Ecumenical Temple.
  6523 | D:5      | Bought a scroll labelled JUBORCH WIDGHEO for 27 gold pieces
  6523 | D:5      | Bought an agate ring for 135 gold pieces
  6785 | Temple   | Entered the Ecumenical Temple
  6804 | Temple   | Became a worshipper of Dithmenos the Shadowed
  7124 | D:6      | Reached skill level 6 in Unarmed Combat
  7166 | D:6      | Noticed a yak
  7167 | D:6      | Noticed a yak
  7167 | D:6      | Noticed a yak
  7168 | D:6      | Noticed a yak
  7175 | D:6      | Noticed a yak
  7199 | D:5      | Killed a yak
  7200 | D:5      | Reached XP level 8. HP: 14/48 MP: 11/11
  7764 | D:5      | Killed a yak
  7765 | D:5      | Reached skill level 7 in Unarmed Combat
  7866 | D:5      | Killed a yak
  8098 | D:6      | Reached skill level 5 in Dodging
  8283 | D:6      | Learned a level 5 spell: Hydra Form
  8451 | D:6      | Found a stormy altar of Qazlal.
  8518 | D:6      | Reached XP level 9. HP: 39/53 MP: 13/15
  8773 | D:5      | Reached skill level 8 in Unarmed Combat
  8773 | D:5      | Reached skill level 5 in Transmutations
  9352 | D:7      | Reached * piety under Dithmenos
  9592 | D:7      | Noticed a hornet
  9884 | D:7      | Found a runed translucent gate.
  9884 | D:7      | Found a runed translucent gate.
  9884 | D:7      | Found a runed translucent gate.
  9918 | D:7      | Noticed nago's ghost (journeyman DjEE)
 10007 | D:7      | Found an opulent altar of Gozag.
 10023 | D:7      | Found a radiant altar of Vehumet.
 10202 | D:7      | Found an ornate altar of the Wu Jian Council.
 11472 | D:8      | Reached skill level 9 in Unarmed Combat
 11885 | D:8      | Reached ** piety under Dithmenos
 11886 | D:8      | Reached XP level 10. HP: 61/61 MP: 14/16
 11991 | D:9      | Found a runed translucent gate.
 11991 | D:9      | Found a runed translucent gate.
 11991 | D:9      | Found a runed translucent gate.
 11991 | D:9      | Noticed Ge0ff's ghost (novice TeAr)
 12091 | D:9      | Reached skill level 1 in Invocations
 12913 | D:9      | Found a staircase to the Lair.
 13745 | D:9      | Noticed a centaur warrior
 14188 | D:9      | Found a bloodstained altar of Trog.
 14191 | D:9      | Found a shimmering blue altar of Sif Muna.
 14193 | D:9      | Found a glowing silver altar of Zin.
 14195 | D:9      | Found a glowing golden altar of the Shining One.
 14196 | D:9      | Found a hazy altar of Hepliaklqana.
 14197 | D:9      | Found a sacrificial altar of Ru.
 14199 | D:9      | Found a shimmering altar of Xom.
 14388 | D:9      | Found a viscous altar of Jiyva.
 14552 | D:7      | Reached skill level 10 in Unarmed Combat
 14587 | D:7      | Reached XP level 11. HP: 69/69 MP: 12/18
 14603 | D:7      | HP: 2/89 [orc warrior/+0 battleaxe (16)]
 14628 | D:7      | Reached *** piety under Dithmenos
 15116 | D:10     | Entered Level 10 of the Dungeon
 15595 | D:10     | Noticed Harold
 16032 | D:9      | Reached skill level 5 in Spellcasting
 16084 | D:10     | Killed Harold
 16098 | D:10     | Noticed Erolcha
 16246 | D:9      | Killed a centaur warrior
 16689 | D:10     | Noticed Urug
 16886 | Lair:1   | Entered Level 1 of the Lair of Beasts
 16895 | Lair:1   | Reached skill level 5 in Fighting
 17008 | Lair:1   | Reached skill level 1 in Evocations
 17070 | Lair:1   | Slain by a komodo dragon

Illustrated notes

Levels and vault maps discovered:
D:1:      dpeg_arrival_simpleton_c, layout_basic
D:2:      wad_river_or_something, layout_basic
D:3:      layout_loops_ring, minmay_hedge_maze
D:4:      layout_basic, okawaru_ov_weapons_minmay,
          ashenzari_conservatory_becter, kennysheep_mini_moat, lemuel_tele_altar
D:5:      layout_basic, lemuel_doored_altar, minmay_temple_entry_ruins,
          serial_shops, nicolae_shop_overgrown_old_shop, minmay_misc_feat_chi,
          kennysheep_generic_room_13
D:6:      layout_rooms, grunt_qazlal_sundering
D:7:      minmay_bubble_buster, layout_basic, lemuel_round_altar,
          overflow_temple_1_default, vehumet_altar_wand_db,
          gammafunk_ghost_necromancy, minivault_19
D:8:      layout_gridville
D:9:      layout_stronghold, minitemple, grunt_lair_entry_orc_guard_hut,
          gammafunk_ghost_endoplasm
D:10:     layout_cave_pools, uniq_harold, uniq_urug, uniq_erolcha
Temple:   corrupted_temple
Lair:1:   layout_hall_layers, serial_bayou_shore_a, grunt_megastairs_2

Skill      XL: |  1  2  3  4  5  6  7  8  9 10 11 |
---------------+----------------------------------+-----
Stealth        | 1 2 3 4 |  4.0
Unarmed Combat | 4 5 6 7 9 10 | 10.8
Poison Magic   | 1 3 |  3.0
Dodging        | 3 4 5 6 8 9 |  9.0
Transmutations | 3 4 6 7 8 |  8.0
Spellcasting   | 4 5 |  5.0
Fighting       | 2 4 5 |  5.1
Invocations    | 3 |  3.0
Evocations     | 1 |  1.5

Action                   |  1- 3 |  4- 6 |  7- 9 | 10-12 || total
-------------------------+-------+-------+-------+-------++-------
Melee: Unarmed           |    70 |   132 |   251 |   221 ||   674
       Constrict         |    12 |    17 |     4 |       ||    33
       Kick              |     7 |    12 |     7 |     2 ||    28
       Tentacles         |    10 |    12 |    10 |     5 ||    37
       Punch             |     1 |     1 |     3 |     2 ||     7
Throw: Dart              |       |       |     2 |     4 ||     6
 Cast: Beastly Appendage |    20 |    20 |     7 |     1 ||    48
       Spider Form       |       |     8 |    38 |    31 ||    77
       Hydra Form        |       |       |       |     6 ||     6
Evoke: Wand              |       |       |       |     2 ||     2
  Use: Potion            |     3 |       |     2 |     1 ||     6
       Scroll            |       |     3 |     6 |     7 ||    16
 Stab: Sleeping          |     8 |     9 |     6 |     1 ||    24
Armor: Skin              |     2 |     9 |    20 |    16 ||    47
Dodge: Dodged            |    44 |    95 |   256 |   226 ||   621

Table legend: (Time is in decaauts)
 A = Elapsed time spent in this place.
 B = Non-inter-level travel time spent in this place.
 C = Inter-level travel time spent in this place.
 D = Time resting spent in this place.
 E = Time spent auto-exploring this place.
 F = Levels seen in this place.
 G = Mean time per level.
                   A        B        C        D        E       F      G
               +--------+--------+--------+--------+--------+-----+--------+
         Total |  16987 |  15804 |   1183 |    846 |  12442 |  12 | 1415.6 |
       Dungeon |  16773 |  15602 |   1171 |    846 |  12289 |  10 | 1677.3 |
        Temple |     32 |     20 |     12 |      0 |     14 |   1 |   32.0 |
          Lair |    181 |    181 |      0 |      0 |    139 |   1 |  181.0 |
               +--------+--------+--------+--------+--------+-----+--------+

Top non-repeatable levels by time:
     D:9: 3296 daAuts
     D:5: 2129 daAuts
     D:2: 2030 daAuts
     D:7: 1991 daAuts
     D:6: 1711 daAuts
     D:8: 1523 daAuts
     D:4: 1456 daAuts
     D:3: 1253 daAuts
     D:1: 864 daAuts
    D:10: 515 daAuts
  Lair:1: 181 daAuts
  Temple: 32 daAuts
